 Dungeon Crawl Stone Soup version 0.18-a0-1197-g8004e50 (webtiles) character file.

6444 Ijustatesigmund the Commander (level 10, 0/83 HPs)
             Began as a Demonspawn Fighter on Jan 30, 2016.
             Was a High Priest of Okawaru.
             Succumbed to a water moccasin's poison
             ... on level 1 of the Lair of Beasts.
             The game lasted 00:32:54 (12963 turns).

Ijustatesigmund the Commander (Demonspawn Fighter) Turns: 12963, Time: 00:32:54

Health: 0/83       AC: 22    Str: 18    XL:     10   Next: 67%
Magic:  17/17      EV: 17    Int: 16    God:    Okawaru [*****.]
Gold:   210        SH:  9    Dex: 14    Spells: 0 memorised, 9 levels left

rFire  . . .     SeeInvis +     x - +1 mace (protect)
rCold  . . .     Gourm    .     H - +0 ring mail of the Catamount {MR+ Str+2 Int+6}
rNeg   . . .     Faith    .     c - +0 shield
rPois  .         Spirit   .     (helmet unavailable)
rElec  .         Dismiss  .     d - +1 cloak
rCorr  .         Reflect  .     (no gloves)
SustAt .         Harm     .     y - +1 pair of boots
MR     +....                    J - amulet of magic regeneration
Stlth  +.........               P - +4 ring of evasion
                                K - +3 ring of evasion

@: lethally poisoned (0 -> -3), very slightly contaminated, hasted, very quick,
somewhat resistant to hostile enchantments, very unstealthy
A: antennae 3, rough black scales 2
a: Heroism, Finesse, Renounce Religion


You were on level 1 of the Lair of Beasts.
You worshipped Okawaru.
Okawaru was extremely pleased with you.
You were not hungry.

You visited 2 branches of the dungeon, and saw 12 of its levels.

You collected 462 gold pieces.
You spent 252 gold pieces at shops.

Inventory:

Hand Weapons
 a - a +1 flail
 q - a +2 hunting sling of flaming
 x - a +1 mace of protection (weapon)
Missiles
 e - 4 steel tomahawks (quivered)
Armour
 c - a +0 shield (worn)
 d - a +1 cloak (worn)
 p - a +1 cloak
 y - a +1 pair of boots (worn)
 z - a +3 ring mail
 E - a +1 leather armour of cold resistance
 H - the +0 ring mail of the Catamount (worn) {MR+ Str+2 Int+6}
   (You found it on level 7 of the Dungeon)

   It affects your strength (+2).
   It affects your intelligence (+6).
   It affects your resistance to hostile enchantments.
Jewellery
 b - an uncursed ring of stealth
 i - a +3 ring of strength
 m - an uncursed ring of fire
 t - an uncursed amulet of dismissal
 F - an uncursed ring of wizardry
 J - an amulet of magic regeneration (around neck)
 K - a +3 ring of evasion (left hand)
 P - a +4 ring of evasion (right hand)
Wands
 l - a wand of enslavement (7/24)
 v - a wand of lightning (6/15)
 D - a wand of lightning (0/15)
 I - a wand of polymorph (8/24)
 O - a wand of draining (8/15)
Scrolls
 s - 2 scrolls of enchant weapon
 u - 4 scrolls of recharging
 A - 2 scrolls of identify
 L - a scroll of fog
 N - a scroll of enchant armour
 Q - a scroll of holy word {unknown}
 S - a scroll of magic mapping {unknown}
Potions
 g - a potion of might
 h - a potion of mutation
 k - 2 potions of brilliance
 n - a potion of resistance
 o - 3 potions of flight
 B - 5 potions of lignification
 R - 2 potions of ambrosia
Books
 C - a book of Power

   Spells                             Type                      Level
   a - Fulminant Prism                Conjuration/Hexes            4
   b - Iskenderun's Mystic Blast      Conjuration                  4
   c - Venom Bolt                     Conjuration/Poison           5
   d - Bolt of Magma                  Conjuration/Fire/Earth       5
   e - Iron Shot                      Conjuration/Earth            6
   f - Orb of Destruction             Conjuration                  7
   g - Spellforged Servitor           Conjuration/Summoning        7
 G - a book of the Earth

   Spells                             Type                      Level
   a - Leda's Liquefaction            Hexes/Earth                  4
   b - Bolt of Magma                  Conjuration/Fire/Earth       5
   c - Statue Form                    Transmutation/Earth          6
   d - Iron Shot                      Conjuration/Earth            6
   e - Shatter                        Earth                        9
Comestibles
 f - 5 bread rations
 r - a royal jelly
 w - 2 meat rations


   Skills:
 - Level 9.2 Fighting
 - Level 8.4 Maces & Flails
 + Level 4.4 Armour
 + Level 3.4 Dodging
 + Level 4.5 Shields
 - Level 10.2 Invocations


You had 9 spell levels left.
You didn't know any spells.

Dungeon Overview and Level Annotations

Branches:
Dungeon (11/15)            Temple (0/1) D:7            Lair (1/8) D:11
    Orc (0/2) D:11

Altars:
Elyvilon
Fedhas
Gozag
Kikubaaqudgha
Makhleb
Okawaru
Pakellas
Sif Muna
Trog
Yredelemnul
Zin
The Shining One

Shops:
D:5 =   D:7 (

Annotations:
D:8 Prince Ribbit
D:10 Harold
D:11 Snorg


Innate Abilities, Weirdness & Mutations

You have a pair of large antennae on your head (SInv).
You are mostly covered in rough black scales (AC +7, Dex -2).


Message History

The wyvern bites you.
* * * LOW HITPOINT WARNING * * *
The water moccasin bites you.
* * * LOW HITPOINT WARNING * * *
The hungry ghost hits you.
You feel a lot more hungry.
Drink which item? (? for menu, Esc to quit)
You feel yourself speed up. The wyvern bites you!
* * * LOW HITPOINT WARNING * * *
The water moccasin misses you. The hungry ghost misses you.
You are very lightly contaminated with residual magic.
* * * LOW HITPOINT WARNING * * *
You feel sick. The wyvern misses you.
The wyvern bites you but does no damage.
Drink which item? (? for menu, Esc to quit)
Okay, then.
* * * LOW HITPOINT WARNING * * *
You feel sick.
You sock the water moccasin!
The water moccasin is moderately wounded.
You die...

##...# ....#
##...# ....#
#...# #...#
#...# # #..@#
##.##.lS#######
...............
........W......
...............
#+P.#..<.......
...............
....#......####
....#......#


You could see a hungry ghost, a water moccasin and a wyvern.

Vanquished Creatures
  Erolcha (D:8)
  A fire drake (D:11)
  A two-headed ogre (D:11)
  Grinder (D:3)
  The ghost of slayr the Changer, an amateur VSTm (D:4)
  Grum (D:8)
  2 wolves (D:8)
  Duvessa (D:5)
  3 ice beasts
  2 orc warriors (D:8)
  An eye of draining (D:11)
  A wasp (D:7)
  3 sky beasts
  A necrophage (D:9)
  4 ogres
  A phantom (D:6)
  6 centaurs
  A crocodile (D:8)
  A big kobold (D:8)
  4 giant frogs
  A gnoll sergeant (D:11)
  Dowan (D:5)
  3 scorpions
  2 wights (D:10)
  9 killer bees (D:9)
  3 crimson imps
  2 giant frog zombies
  A jelly (D:11)
  9 orc priests
  Crazy Yiuf (D:4)
  2 centaur skeletons
  3 hounds
  A giant frog skeleton (D:5)
  10 orc wizards
  3 iguanas
  4 worker ants
  A hound zombie (D:9)
  A hound skeleton (D:8)
  2 worker ant zombies
  7 adders
  8 gnolls
  4 shadow imps
  An ooze (D:4)
  An adder zombie (D:5)
  3 adder skeletons
  5 worms
  5 giant geckos
  37 orcs
  6 giant cockroaches
  9 goblins
  11 hobgoblins
  22 jackals
  7 quokkas
  A ball python (D:3)
  6 bats
  A giant gecko skeleton (D:6)
  9 giant newts
  13 kobolds
  6 rats
  A spectral orc (D:6)
259 creatures vanquished.

Vanquished Creatures (others)
  A giant frog (D:9)
  An orc priest (D:9)
  An orc wizard (D:9)
  An orc (D:9)
  A plant (D:10)
5 creatures vanquished.

Grand Total: 264 creatures vanquished

Notes
Turn   | Place    | Note
--------------------------------------------------------------
     0 | D:1      | Ijustatesigmund the Demonspawn Fighter began the quest for the Orb.
     0 | D:1      | Reached XP level 1. HP: 18/18 MP: 1/1
   169 | D:1      | Gained mutation: You have a pair of small antennae on your head. [demonic ancestry]
   169 | D:1      | Reached XP level 2. HP: 21/24 MP: 2/2
   851 | D:2      | Gained mutation: You are partially covered in rough black scales (AC +4, Dex -1). [demonic ancestry]
   851 | D:2      | Reached XP level 3. HP: 18/29 MP: 3/3
  1680 | D:2      | Gained mutation: You are mostly covered in rough black scales (AC +7, Dex -2). [demonic ancestry]
  1680 | D:2      | Reached XP level 4. HP: 37/37 MP: 4/4
  1794 | D:2      | Found an opulent altar of Gozag.
  1979 | D:3      | Reached skill level 4 in Fighting
  1998 | D:3      | Noticed a centaur
  2003 | D:3      | Killed a centaur
  2003 | D:3      | Gained mutation: You have a pair of antennae on your head. [demonic ancestry]
  2003 | D:3      | Reached XP level 5. HP: 20/43 MP: 5/5
  2238 | D:3      | Found an iron altar of Okawaru.
  2319 | D:3      | Became a worshipper of Warmaster Okawaru
  2504 | D:3      | Noticed Grinder
  2510 | D:3      | Reached skill level 1 in Invocations
  2522 | D:3      | Gained mutation: You have a pair of large antennae on your head (SInv). [demonic ancestry]
  2522 | D:3      | Reached XP level 6. HP: 19/49 MP: 7/7
  2730 | D:3      | Killed Grinder
  2730 | D:3      | Reached * piety under Okawaru
  2730 | D:3      | Reached skill level 5 in Fighting
  2730 | D:3      | Reached skill level 5 in Maces & Flails
  2891 | D:3      | Reached XP level 7. HP: 52/56 MP: 9/9
  2973 | D:3      | Found a glowing silver altar of Zin.
  2973 | D:3      | Found a glowing golden altar of the Shining One.
  2976 | D:3      | Found a white marble altar of Elyvilon.
  3132 | D:3      | Found an oddly glowing altar of Pakellas.
  3140 | D:3      | Found a burning altar of Makhleb.
  3144 | D:3      | Found a deep blue altar of Sif Muna.
  3158 | D:3      | Found a bloodstained altar of Trog.
  3830 | D:4      | Noticed slayr's ghost (amateur VSTm)
  3853 | D:4      | Killed slayr's ghost
  3853 | D:4      | Reached skill level 6 in Fighting
  3933 | D:5      | Entered Level 5 of the Dungeon
  3980 | D:5      | Reached ** piety under Okawaru
  3980 | D:5      | Reached skill level 5 in Invocations
  4095 | D:5      | Reached XP level 8. HP: 57/64 MP: 10/12
  4166 | D:5      | Noticed Duvessa
  4166 | D:5      | Noticed Dowan
  4175 | D:5      | Killed Dowan
  4235 | D:5      | Killed Duvessa
  4348 | D:5      | Found Obeff's Jewellery Shoppe.
  4806 | D:6      | Found an iron altar of Okawaru.
  5442 | D:6      | Reached skill level 7 in Fighting
  5677 | D:6      | Reached *** piety under Okawaru
  5803 | D:6      | Found a basalt altar of Yredelemnul.
  6108 | D:4      | Reached XP level 9. HP: 42/72 MP: 14/14
  6537 | D:4      | Noticed Crazy Yiuf
  6565 | D:4      | Killed Crazy Yiuf
  6920 | D:5      | Bought a +3 ring of evasion for 252 gold pieces
  6955 | D:7      | Got a distressingly furry ring mail
  7013 | D:7      | Found Zoajaysh's Weapon Boutique.
  7140 | D:7      | Reached skill level 8 in Invocations
  7718 | D:7      | Found a staircase to the Ecumenical Temple.
  8250 | D:8      | Noticed Erolcha
  8538 | D:8      | Killed Erolcha
  8538 | D:8      | Reached **** piety under Okawaru
  8538 | D:8      | Reached skill level 9 in Invocations
  9004 | D:10     | Entered Level 10 of the Dungeon
  9004 | D:10     | Noticed a hill giant
  9341 | D:8      | Noticed Prince Ribbit
  9359 | D:8      | Noticed Grum
  9395 | D:8      | Killed Grum
  9395 | D:8      | Received a gift from Okawaru
  9395 | D:8      | Reached XP level 10. HP: 44/83 MP: 17/17
  9401 | D:8      | Reached skill level 10 in Invocations
  9975 | D:8      | Found a blossoming altar of Fedhas.
  9975 | D:8      | Found an ancient bone altar of Kikubaaqudgha.
 10260 | D:8      | Reached skill level 1 in Dodging
 11599 | D:9      | Noticed a glowing shapeshifter
 11599 | D:9      | a merfolk changed into a glowing shapeshifter
 11600 | D:9      | Noticed a swamp dragon
 11600 | D:9      | a glowing shapeshifter changed into a swamp dragon
 11605 | D:9      | Noticed a deep troll
 11605 | D:9      | a swamp dragon changed into a deep troll
 11996 | D:10     | Noticed a hill giant
 12018 | D:10     | Noticed Harold
 12061 | D:11     | Reached ***** piety under Okawaru
 12328 | D:11     | Identified the cursed +0 ring mail of the Catamount {MR+ Str+2 Int+6} (You found it on level 7 of the Dungeon)
 12719 | D:11     | Found a staircase to the Orcish Mines.
 12888 | D:11     | Found a staircase to the Lair.
 12924 | D:11     | Noticed Snorg
 12930 | D:11     | Noticed a cyclops
 12947 | Lair:1   | Entered Level 1 of the Lair of Beasts
 12957 | Lair:1   | HP: 2/83 [wyvern (9)]
 12963 | Lair:1   | Succumbed to a water moccasin's poison

Vault maps used:
D:1:      dpeg_arrival_refuge, nrook_uturn
D:2:      grunt_gozag_statues
D:3:      lemuel_upstairs_altar, good_gods_temple_1,
          grunt_temple_overflow_cloverleaf, first_bread,
          okawaru_altar_gauntlet_db, uniq_grinder
D:4:      uniq_crazy_yiuf_cottage
D:5:      serial_shops, shop, uniq_duvessa
D:6:      yredelemnul_forgotten_temple_becter, overflow_temple_1_default
D:7:      temple_green, serial_shops, shop
D:8:      grunt_temple_overflow_growth_and_decay, uniq_prince_ribbit1,
          uniq_erolcha, uniq_grum
D:9:      hangedman_fish_farm, lemuel_old_faithful
D:10:     basic_altar, serial_bayou, serial_bayou_shore_a,
          serial_bayou_lagoon_a, serial_bayou_pond_b, serial_bayou_ford_a,
          serial_bayou_pond_b, hive_lemuel, uniq_harold
D:11:     minmay_lair_entry_lava, orc_0_dummy, basic_altar, uniq_snorg,
          uniq_maurice
Lair:1:   lab_entry_generic, roderic_batcave, grunt_megastairs_3

Action                   |  1- 3 |  4- 6 |  7- 9 | 10-12 || total
-------------------------+-------+-------+-------+-------++-------
Melee: Flail             |   140 |   143 |   117 |       ||   400
       Mace              |       |       |   708 |   441 ||  1149
Evoke: Wand              |       |       |     2 |     3 ||     5
  Use: Scroll            |    11 |     2 |     9 |     5 ||    27
       Potion            |       |     3 |     7 |     3 ||    13
 Stab: Invisible         |       |       |     3 |       ||     3
  Eat: Chunk             |     3 |     4 |    10 |     2 ||    19
       Fruit             |       |       |     9 |       ||     9
       Pizza             |       |       |     3 |     1 ||     4
       Beef jerky        |       |       |       |     3 ||     3
       Meat ration       |       |       |       |     1 ||     1
       Bread ration      |       |       |       |     1 ||     1
